 Dungeon Crawl Stone Soup version 0.26.0-16-gc1dbca0489 (webtiles) character file.

Game seed: 5468944450554320918

675 Kejsarherre the Slasher (level 7, -2/56 HPs)
             Began as a Demonspawn Gladiator on Jan 20, 2021.
             Slain by Grinder (4 damage)
             ... while paralysed by Grinder
             ... on level 5 of the Dungeon.
             The game lasted 00:05:47 (4338 turns).

Kejsarherre the Slasher (Demonspawn Gladiator)      Turns: 4338, Time: 00:05:48

Health: -2/56      AC: 14    Str: 14    XL:     7   Next: 33%
Magic:  16/16      EV:  2    Int:  9    God:
Gold:   159        SH:  0    Dex: 17    Spells: 6/6 levels left

rFire    + . .     SeeInvis .   a - +1 long sword
rCold    . . .     Faith    .   (no shield)
rNeg     . . .     Spirit   .   j - +0 plate armour
rPois    .         Reflect  .   c - +1 helmet
rElec    .         Harm     .   o - +0 cloak
rCorr    .         Rampage  .   (no gloves)
Will     .....                  (no boots)
Stlth    ..........             (no amulet)
HPRegen  0.18/turn              q - ring of magical power (curse)
MPRegen  0.15/turn              (no ring)

@: paralysed
A: talons 2, fire resistance 1
a: no special abilities


You were on level 5 of the Dungeon.
You visited 1 branch of the dungeon, and saw 5 of its levels.

You collected 159 gold pieces.

Inventory:

Hand Weapons
 a - a +1 long sword (weapon)
Missiles
 d - 4 throwing nets (quivered)
Armour
 c - a +1 helmet (worn)
 j - a +0 plate armour (worn)
 o - a +0 cloak (worn)
Jewellery
 q - a cursed ring of magical power (left hand)
Wands
 k - a wand of random effects (14)
 l - a wand of flame (24)
Scrolls
 b - 3 scrolls of enchant weapon
 f - 4 scrolls of remove curse
 p - a scroll of fear {unknown}
 s - a scroll of teleportation {unknown}
Potions
 e - a potion of flight
 g - a potion of curing
 h - a potion of might
 i - 2 potions of lignification
 m - a potion of attraction {unknown}
 r - a potion of mutation {unknown}


   Skills:
 - Level 5.0 Fighting
 + Level 5.8 Long Blades
 - Level 1.7 Throwing
 + Level 2.7 Armour
 - Level 2.6 Dodging


You had 6 spell levels left.
You didn't know any spells.
Your spell library was empty.

Dungeon Overview and Level Annotations

Branches:
Dungeon (5/15)
 Temple: D:4-7

Altars:
Gozag
Nemelex Xobeh
Yredelemnul

Annotations:
D:5 Grinder


Innate Abilities, Weirdness & Mutations

You have razor-sharp toenails.
Your flesh is heat resistant. (rF+)


Message History

Aiming: Throw Flame
Press: ? - help, Shift-Dir - straight line, f - Grinder
Aim: Grinder (severely wounded, 36% to evade)
The puff of flame hits Grinder.
Grinder is almost dead.
Grinder gestures at you.
You suddenly lose the ability to move!
Grinder gestures at you. You resist with significant effort.
Grinder says, "FISH!"
Grinder hits you!
* * * LOW HITPOINT WARNING * * *
You writhe in agony.
* * * LOW HITPOINT WARNING * * *
Grinder gestures at you.
You struggle to resist.
Grinder hits you.
* * * LOW HITPOINT WARNING * * *
You writhe in agony.
You die...

#.<5.<........###.#
....#...........###.#
......####.....###..#
.!..######....## #.#####
... ##.†5.....###.###..
## #..###..........#..
##.##...............
#.5##.##..#.........
####.#@..#..##.........
##....#.###.#........#..
..............#......#..
.........###.###......###
....#.)...............#
..............##......#
....########...#......#
..# #..#...#....# ..
###.......#...#


You could see Grinder.

Vanquished Creatures
  A phantom (D:4)
  3 scorpions
  A howler monkey (D:4)
  A hound (D:5)
  Jessica (D:2)
  2 bullfrog skeletons
  Ijyb (D:5)
  2 worker ants
  A killer bee zombie (D:5)
  A hound skeleton (D:5)
  4 gnolls
  7 adders
  A shadow imp (D:5)
  A white imp (D:5)
  4 adder skeletons (D:4)
  2 worms (D:2)
  2 leopard geckos (D:4)
  2 orcs (D:4)
  A giant cockroach (D:5)
  4 goblins
  2 hobgoblins
  9 jackals
  A quokka (D:3)
  2 ball pythons
  2 bats
  4 frilled lizards
  5 kobolds
  8 rats
75 creatures vanquished.

Notes
Turn   | Place    | Note
-------+----------+-------------------------------------------
     0 | D:1      | Kejsarherre the Demonspawn Gladiator began the quest for
                  | the Orb.
     0 | D:1      | Reached XP level 1. HP: 16/16 MP: 1/1
   627 | D:1      | Gained mutation: You have sharp toenails. [demonic
                  | ancestry]
   627 | D:1      | Reached XP level 2. HP: 23/23 MP: 2/2
   783 | D:1      | You fall into a shaft and drop 1 floor!
  1016 | D:1      | Reached XP level 3. HP: 16/28 MP: 3/3
  1562 | D:2      | Noticed Jessica
  1570 | D:2      | Killed Jessica
  1571 | D:2      | Gained mutation: Your flesh is heat resistant. (rF+)
                  | [demonic ancestry]
  1571 | D:2      | Reached XP level 4. HP: 35/35 MP: 4/4
  2320 | D:3      | Found a basalt altar of Yredelemnul.
  2625 | D:4      | Reached XP level 5. HP: 42/42 MP: 5/5
  2797 | D:4      | Noticed a phantom
  2827 | D:4      | Killed a phantom
  2828 | D:4      | Gained mutation: You have razor-sharp toenails. [demonic
                  | ancestry]
  2828 | D:4      | Reached XP level 6. HP: 39/49 MP: 6/6
  2944 | D:4      | Reached skill level 5 in Long Blades
  3163 | D:4      | Found an opulent altar of Gozag.
  3213 | D:4      | Reached skill level 5 in Fighting
  3371 | D:4      | Found a sparkling altar of Nemelex Xobeh.
  3926 | D:5      | Entered Level 5 of the Dungeon
  3933 | D:5      | Reached skill level 1 in Armour
  4168 | D:5      | Reached XP level 7. HP: 52/56 MP: 7/7
  4238 | D:5      | Noticed Ijyb
  4246 | D:5      | Killed Ijyb
  4302 | D:5      | Noticed Grinder
  4334 | D:5      | Paralysed by Grinder for 6 turns
  4338 | D:5      | HP: 2/56 [Grinder (3)]
  4338 | D:5      | Slain by Grinder

Illustrated notes

Levels and vault maps discovered:
D:1:      sevenhm_arrival_forest_fort_large_2, layout_basic
D:2:      layout_basic, minmay_misc_feat_nine_boxes, uniq_jessica
D:3:      layout_rooms, lemuel_crystal_altar
D:4:      layout_layer_cave, lemuel_round_altar, general_overflow_altar
D:5:      minmay_diamond_boxcup, layout_rooms, serial_shops, shop,
          biasface_ghost_orc_armoury, uniq_grinder, uniq_menkaure, uniq_ijyb

Skill      XL: |  1  2  3  4  5  6  7 |
---------------+----------------------+-----
Long Blades    | 3 4 5 |  5.8
Fighting       | 3 4 5 |  5.0
Armour         | 1 2 |  2.7
Throwing       | |  1.7
Dodging        | |  2.6

Action                   |  1- 3 |  4- 6 |  7- 9 || total
-------------------------+-------+-------+-------++-------
Melee: Long sword        |    63 |   165 |    31 ||   259
       Kick              |    13 |    38 |    11 ||    62
Evoke: Wand              |       |    11 |     2 ||    13
  Use: Scroll            |       |     7 |       ||     7
       Potion            |       |     1 |     1 ||     2
Armor: Leather armour    |    11 |       |       ||    11
       Plate armour      |    34 |   116 |    23 ||   173
Dodge: Dodged            |    31 |    45 |     8 ||    84
       Rpst.: Long sword |    10 |    13 |     4 ||    27
